 Dungeon Crawl Stone Soup version 0.23-a0-550-g7de1f8e (webtiles) character file.

28 Lavandula the Cutter (level 3, 0/21 HPs)
             Began as a Halfling Enchanter on Dec 9, 2018.
             Succumbed to an adder's poison
             ... on level 2 of the Dungeon.
             The game lasted 00:01:55 (321 turns).

Lavandula the Cutter (Halfling Enchanter)            Turns: 321, Time: 00:01:56

Health: 0/21       AC:  5    Str:  9    XL:     3   Next: 27%
Magic:  5/5        EV: 15    Int: 14    God:
Gold:   18         SH:  0    Dex: 14    Spells: 4/5 levels left

rFire    . . .     SeeInvis .   a - +1 dagger
rCold    . . .     Gourm    .   (shield restricted)
rNeg     . . .     Faith    .   b - +0 robe
rPois    .         Spirit   .   (no helmet)
rElec    .         Reflect  .   (no cloak)
rCorr    .         Harm     .   f - +2 pair of gloves
MR       .....                  (no boots)
Stlth    ++........             (no amulet)
HPRegen  0.07/turn              (no ring)
MPRegen  0.09/turn              (no ring)

@: lethally poisoned (0 -> -1), hasted, very quick
A: small, mutation resistance 1
a: no special abilities


You were on level 2 of the Dungeon.
You were not hungry.

You visited 1 branch of the dungeon, and saw 3 of its levels.

You collected 18 gold pieces.

Inventory:

Hand Weapons
 a - a +1 dagger (weapon)
Missiles
 e - 3 tomahawks (quivered)
Armour
 b - a +0 robe (worn)
 f - a +2 pair of gloves (worn)
Scrolls
 c - a scroll of teleportation {unknown}
 g - a scroll of fear {unknown}
Comestibles
 d - 2 rations


   Skills:
 + Level 3.6 Short Blades
 - Level 2.1 Dodging
 - Level 3.2 Stealth
 - Level 1.5 Spellcasting
 - Level 2.4 Hexes


You had 4 spell levels left.
You knew the following spells:

 Your Spells              Type           Power        Failure   Level  Hunger
a - Corona                Hex            #......      10%         1    ##.....

Your spell library contained the following spells:

 Spells                   Type           Power        Failure   Level  Hunger
 Ensorcelled Hibernation  Hex/Ice        #.....       22%         2    ###....
 Confuse                  Hex            #.......     28%         3    ####...
 Tukima's Dance           Hex            #.......     28%         3    ####...
 Dazzling Spray           Conj/Hex       #.....       41%         3    ####...


Dungeon Overview and Level Annotations

Branches:
Dungeon (3/15)

Altars:

Annotations:
D:1 exclusion: 2 jackals


Innate Abilities, Weirdness & Mutations

You are small and have problems with some larger weapons.
You are somewhat resistant to further mutation.


Message History

Increase (S)trength, (I)ntelligence, or (D)exterity?
You feel clever.
* * * LOW HITPOINT WARNING * * *
You feel sick.
It was a potion of haste.
You feel yourself speed up.
Unknown command.
Items here: ) ††† a +0 club; an adder corpse; a kobold corpse; a bat corpse
* * * LOW HITPOINT WARNING * * *
You feel sick.
There is a lethal amount of poison in your body!
* * * LOW HITPOINT WARNING * * *
You feel sick.
Found 16 poisoned needles.
You see here 16 poisoned needles.
There is a lethal amount of poison in your body!
* * * LOW HITPOINT WARNING * * *
You feel sick.
You see here 16 poisoned needles.
You die...

### #.####
#....#
######(##.#
#......##.#
#......##@#
#......##.#
#......##.#
#......##.#
#......##.#
#......##)#
#########.#
#.# #.#


There were no monsters in sight!

Vanquished Creatures
  An adder (D:2)
  An ooze (D:1)
  A leopard gecko (D:1)
  A ball python (D:2)
  2 giant cockroaches
  2 goblins
  2 kobolds (D:2)
  2 bats
  A frilled lizard (D:2)
  A rat (D:1)
14 creatures vanquished.

Vanquished Creatures (others)
  A leopard gecko (D:1)
1 creature vanquished.

Grand Total: 15 creatures vanquished

Notes
Turn   | Place    | Note
-------+----------+-------------------------------------------
     0 | D:1      | Lavandula the Halfling Enchanter began the quest for the
                  | Orb.
     0 | D:1      | Reached XP level 1. HP: 11/11 MP: 3/3
    93 | D:1      | Reached XP level 2. HP: 16/17 MP: 0/4
   300 | D:2      | Reached XP level 3. HP: 4/21 MP: 5/5
   310 | D:2      | HP: 1/21 [poisoned by an adder]
   316 | D:2      | HP: 1/21 [poisoned by an adder]
   321 | D:2      | Succumbed to an adder's poison

Vault maps used:
D:1:      minmay_arrival_open_corners, lemuel_flame_loot_1
D:3:      first_ration, grunt_decor_clamped, bloody_trog

Skill      XL: |  1  2 |
---------------+-------+-----
Short Blades   | 2 3 |  3.6
Dodging        | |  2.1
Stealth        | |  3.2
Spellcasting   | |  1.5
Hexes          | |  2.4

Action                   || total
-------------------------++-------
Melee: Dagger            ||    67
 Cast: Corona            ||     7
  Use: Potion            ||     1
 Stab: Sleeping          ||     3
Armor: Robe              ||     9
Dodge: Dodged            ||    47

Table legend:
 A = Non-vault XP
 B = Vault XP
 C = Vault XP percentage of total XP
 D = Non-vault monster count
 E = Vault monster count
 F = Vault count percentage of total count
                 A         B        C        D         E       F
            +---------+---------+-------+---------+---------+-------
      Total |      40 |       0 |   0.0 |      14 |       0 |   0.0
            +---------+---------+-------+---------+---------+-------
        D:1 |      16 |       0 |   0.0 |       6 |       0 |   0.0
        D:2 |      24 |       0 |   0.0 |       8 |       0 |   0.0
            +---------+---------+-------+---------+---------+-------
